 Dungeon Crawl Stone Soup version 0.19.1 (webtiles) character file.

1213 HessuHobo the Spear-Bearer (level 8, -3/56 HPs)
             Began as a Demonspawn Gladiator on Dec 27, 2016.
             Was a Believer of Cheibriados.
             Slain by Jerry's ghost (8 damage)
             ... on level 6 of the Dungeon.
             The game lasted 00:15:53 (5653 turns).

HessuHobo the Spear-Bearer (Demonspawn Gladiator)   Turns: 5653, Time: 00:15:54

Health: -3/56      AC:  8    Str: 20    XL:     8   Next: 22%
Magic:  8/10       EV: 13    Int: 15    God:    Cheibriados [**....]
Gold:   32         SH:  0    Dex: 20    Spells: 0 memorised, 7 levels left

rFire  . . .     SeeInvis .     m - +4 spear
rCold  . . .     Gourm    .     b - +1 leather armour
rNeg   + + .     Faith    .     (no shield)
rPois  +         Spirit   .     (helmet restricted)
rElec  .         Reflect  .     n - +2 cloak
rCorr  .         Harm     .     (no gloves)
MR     .....                    q - +2 pair of boots
Stlth  ++++......               (no amulet)
                                y - ring of positive energy
                                t - ring of positive energy

@: about to teleport, very slow
A: claws 1, horns 1, clever 1, deformed body, nightstalker 2, poison resistance,
spiny 1, wild magic 1
a: Bend Time, Renounce Religion


You were on level 6 of the Dungeon.
You worshipped Cheibriados.
Cheibriados was pleased with you.
You were not hungry.

You visited 1 branch of the dungeon, and saw 6 of its levels.

You collected 272 gold pieces.
You spent 240 gold pieces at shops.

Inventory:

Hand Weapons
 a - a +0 trident
 m - a +4 spear (weapon)
Missiles
 d - 3 throwing nets (quivered)
Armour
 b - a +1 leather armour (worn)
 c - a +0 helmet
 n - a +2 cloak (worn)
 q - a +2 pair of boots (worn)
Jewellery
 r - an uncursed ring of wizardry
 t - a ring of positive energy (left claw)
 w - a +3 ring of intelligence
 y - a ring of positive energy (right claw)
Wands
 p - a wand of confusion (35/48)
 A - a wand of lightning (2/15)
 B - a wand of iceblast (4/15)
Scrolls
 g - 3 scrolls of remove curse
 j - 6 scrolls of identify
 l - 3 scrolls of magic mapping
Potions
 h - a potion of berserk rage
 i - a potion of mutation
 k - 2 potions of lignification
 o - a potion of might
 u - 2 potions of brilliance
 z - a potion of heal wounds {unknown}
Comestibles
 f - 2 bread rations
 s - a slice of pizza
 v - 2 royal jellies
 x - 2 meat rations


   Skills:
 - Level 2.0 Fighting
 + Level 8.7 Polearms
 - Level 1.7 Throwing
 - Level 1.8 Armour
 - Level 2.6 Dodging
 - Level 0.8 Stealth
 * Level 3.9 Invocations


You had 7 spell levels left.
You didn't know any spells.

Dungeon Overview and Level Annotations

Branches:
Dungeon (6/15)             Temple (0/1) D:4

Altars:
Cheibriados
Elyvilon
Makhleb
Trog
The Shining One

Shops:
D:5 =

Annotations:
D:6 Jerry's ghost, novice MiGl


Innate Abilities, Weirdness & Mutations

You have sharp fingernails.
You have a pair of small horns on your head.
You are significantly more attuned to the shadows.
You are partially covered in sharp spines.
Your mind is acute. (Int +2)
Armour fits poorly on your strangely shaped body.
Your system is resistant to poisons. (rPois)
Your spells are a little harder to cast, but a little more powerful.


Message History

You hit Jerry's ghost.
You headbutt Jerry's ghost, but do no damage.
Jerry's ghost is almost destroyed.
Jerry's ghost is struck by your spines. Jerry's ghost hits you!
The gnoll misses you. Jerry's ghost is struck by your spines.
Jerry's ghost barely misses you. The gnoll closely misses you.
The gnoll hits you but does no damage.
A gnoll comes into view. It is wielding a spear.
The gnoll closely misses you. Jerry's ghost hits you!
* * * LOW HITPOINT WARNING * * *
You hit Jerry's ghost.
You headbutt Jerry's ghost, but do no damage.
Jerry's ghost is almost destroyed.
The gnoll hits you with a flail.
* * * LOW HITPOINT WARNING * * *
Jerry's ghost hits you but does no damage.
The gnoll misses you.
As you read the scroll of teleportation, it crumbles to dust.
You feel strangely unstable. Jerry's ghost hits you!
You die...

#.....# ####.###.#
.....###.#########
...................
#####.............#
#.#...........#
#.#...........# #
#......g....#### .
#...#....W@.'...
#.##.##..g..####
#.#.⌠ #.g...# ##.
#....## .#..###.#
.. #.# ... ..


You could see Jerry's ghost and 3 gnolls.

Vanquished Creatures
  Sigmund (D:3)
  An ice beast (D:5)
  A sky beast (D:3)
  3 phantoms
  2 scorpions (D:4)
  A howler monkey (D:5)
  A hound (D:4)
  A centaur skeleton (D:5)
  2 orc wizards
  5 worker ants (D:4)
  6 adders
  9 gnolls
  An ooze (D:2)
  An adder zombie (D:5)
  2 adder skeletons (D:5)
  2 worms
  2 dart slugs (D:3)
  5 leopard geckos
  8 orcs
  4 giant cockroaches
  7 goblins
  7 hobgoblins
  5 jackals
  A quokka (D:4)
  6 bats
  3 frilled lizards
  5 kobolds
  2 rats
94 creatures vanquished.

Notes
Turn   | Place    | Note
-------+----------+-------------------------------------------
     0 | D:1      | HessuHobo the Demonspawn Gladiator began the quest for the Orb.
     0 | D:1      | Reached XP level 1. HP: 16/16 MP: 1/1
   151 | D:1      | Reached skill level 3 in Polearms
   298 | D:1      | Gained mutation: You are slightly more attuned to the shadows. [demonic ancestry]
   298 | D:1      | Reached XP level 2. HP: 21/22 MP: 2/2
   848 | D:2      | Reached XP level 3. HP: 17/27 MP: 3/3
  1449 | D:2      | Found a glowing golden altar of the Shining One.
  1635 | D:3      | Noticed a sky beast
  1671 | D:3      | Killed a sky beast
  1671 | D:3      | Reached skill level 4 in Polearms
  1671 | D:3      | Reached skill level 1 in Armour
  1671 | D:3      | Reached XP level 4. HP: 14/33 MP: 4/4
  1856 | D:3      | Gained mutation: Your spells are a little harder to cast, but a little more powerful. [mutagenic meat]
  1857 | D:3      | Gained mutation: Your system is resistant to poisons. (rPois) [mutagenic meat]
  2019 | D:3      | Found a white marble altar of Elyvilon.
  2034 | D:3      | Found a bloodstained altar of Trog.
  2037 | D:3      | Gained mutation: You are partially covered in sharp spines. [demonic ancestry]
  2037 | D:3      | Reached XP level 5. HP: 37/38 MP: 5/5
  2044 | D:3      | Found a burning altar of Makhleb.
  2046 | D:3      | Found a snail-covered altar of Cheibriados.
  2064 | D:3      | Became a worshipper of Cheibriados the Contemplative
  2205 | D:3      | Noticed Sigmund
  2224 | D:3      | Killed Sigmund
  2224 | D:3      | Reached skill level 5 in Polearms
  2224 | D:3      | Reached skill level 1 in Invocations
  2224 | D:3      | Gained mutation: You are significantly more attuned to the shadows. [demonic ancestry]
  2224 | D:3      | Reached XP level 6. HP: 22/44 MP: 3/6
  2825 | D:3      | Reached skill level 6 in Polearms
  3028 | D:4      | Found a staircase to the Ecumenical Temple.
  3109 | D:4      | Reached * piety under Cheibriados
  3315 | D:4      | Gained mutation: You have sharp fingernails. [demonic ancestry]
  3315 | D:4      | Reached XP level 7. HP: 27/50 MP: 8/8
  3692 | D:4      | Reached skill level 7 in Polearms
  3971 | D:5      | Entered Level 5 of the Dungeon
  4407 | D:5      | Gained mutation: Armour fits poorly on your strangely shaped body. [potion of mutation]
  4407 | D:5      | Gained mutation: Your mind is acute. (Int +2) [potion of mutation]
  4620 | D:5      | Reached ** piety under Cheibriados
  4786 | D:5      | HP: 1/50 [gnoll sergeant/spear (9)]
  5195 | D:5      | Found Efraki's Jewellery Boutique.
  5198 | D:5      | Bought an uncursed ring of positive energy for 240 gold pieces
  5333 | D:5      | Reached skill level 8 in Polearms
  5333 | D:5      | Gained mutation: You have a pair of small horns on your head. [demonic ancestry]
  5333 | D:5      | Reached XP level 8. HP: 52/56 MP: 10/10
  5623 | D:6      | Noticed Jerry's ghost (novice MiGl)
  5653 | D:6      | Slain by Jerry's ghost

Skill      XL: |  1  2  3  4  5  6  7 |
---------------+----------------------+-----
Polearms       | 3 4 5 6 8 |  8.7
Armour         | 1 |  1.8
Invocations    | 1 2 3 |  3.9
Fighting       | |  2.0
Throwing       | |  1.7
Dodging        | |  2.6
Stealth        | |  0.8

Action                   |  1- 3 |  4- 6 |  7- 9 || total
-------------------------+-------+-------+-------++-------
Melee: Trident           |    34 |       |       ||    34
       Spear             |    58 |   102 |   136 ||   296
       Headbutt          |       |       |    13 ||    13
Invok: Bend Time         |       |     1 |     2 ||     3
Evoke: Wand              |       |       |     1 ||     1
  Use: Potion            |       |     7 |     3 ||    10
       Scroll            |       |     5 |     5 ||    10
 Stab: Sleeping          |     2 |     6 |    10 ||    18
  Eat: Chunk             |     2 |     8 |       ||    10
       Bread ration      |       |       |     1 ||     1
Armor: Leather armour    |    60 |    31 |    43 ||   134
Dodge: Dodged            |    77 |    60 |    67 ||   204
